 Dungeon Sprint DCSS version 0.27-a0-1084-g78b3836a5f (webtiles) character file.

Game seed: 5679327883609927413

700 mhtbhm the Arsonist (level 7, -14/36 HPs)
             Began as a Deep Elf Fire Elementalist on Apr 26, 2021.
             Was a Priest of Vehumet.
             Demolished by a two-headed ogre
             ... wielding a +0 giant club
              (22 damage)
             ... in the Dungeon (Sprint V: "Ziggurat Sprint").
             The game lasted 00:01:36 (281 turns).

mhtbhm the Arsonist (Deep Elf Fire Elementalist)     Turns: 281, Time: 00:01:36

Health: -14/36     AC:  7    Str:  5    XL:     7   Next: 38%
Magic:  11/22      EV: 15    Int: 37    God:    Vehumet [***...]
Gold:   0          SH:  0    Dex: 15    Spells: 5/26 levels left

rFire    + . .     SeeInvis .   C - +8 lance "Wyrmbane" {slay drac, rPois rF+ rC+ AC+3}
rCold    + . .     Faith    .   (no shield)
rNeg     . . .     Spirit   .   a - +0 robe
rPois    +         Reflect  .   r - +1 helmet {Int+3}
rElec    .         Harm     .   (no cloak)
rCorr    .         Rampage  .   (no gloves)
Will     .....     NoTele   +   (no boots)
Stlth    +++.......             (no amulet)
HPRegen  0.12/turn              u - +6 ring of intelligence
MPRegen  0.18/turn              v - +6 ring of intelligence

@: studying Unarmed Combat
A: no striking features
a: Renounce Religion


You were in the Dungeon.
You worshipped Vehumet.
Vehumet was most pleased with you.
You visited 1 branch

Inventory:

Hand Weapons
 C - the +8 lance "Wyrmbane" (weapon) {slay drac, rPois rF+ rC+ AC+3}
   (You found it in the Dungeon)

   It affects your AC (+3).
   It protects you from fire.
   It protects you from cold.
   It protects you from poison.
Armour
 a - a +0 robe (worn)
 r - a +1 helmet of intelligence (worn)
Jewellery
 u - a +6 ring of intelligence (left hand)
 v - a +6 ring of intelligence (right hand)
Wands
 y - a wand of mindburst (7)
 z - a wand of iceblast (5)
 A - a wand of acid (7)
Scrolls
 h - 4 scrolls of blinking
 m - 4 scrolls of amnesia
 n - 7 scrolls of fog
 o - a scroll of holy word
 p - 5 scrolls of identify
 q - a scroll of fear
 s - a scroll of brand weapon
Potions
 b - 2 potions of brilliance
 c - 10 potions of curing
 d - 10 potions of heal wounds
 e - 6 potions of haste
 f - 7 potions of magic
 g - 3 potions of berserk rage
 i - 2 potions of invisibility
 j - 4 potions of resistance
 k - a potion of experience
 l - 5 potions of might
Miscellaneous
 B - a lightning rod (3/4)


   Skills:
 + Level 7.0 Dodging
 - Level 5.0 Stealth
 + Level 10.3 Spellcasting
 + Level 4.1 Conjurations
 + Level 12.9 Fire Magic
 + Level 3.0 Evocations


You had 5 spell levels left.
You knew the following spells:

 Your Spells              Type           Power      Damage    Failure   Level
a - Foxfire               Conj/Fire      100%       2x1d9     1%          1
b - Conjure Flame         Conj/Fire      70%        6-21      1%          3
c - Inner Flame           Hex/Fire       61%        N/A       1%          3
d - Sticky Flame          Conj/Fire      70%        2d8       1%          4
e - Fireball              Conj/Fire      35%        3d15      1%          5
f - Lee's Rapid Deconstr  Erth           9%         3d8*      16%         5

Your spell library contained the following spells:

 Spells                   Type           Power      Damage    Failure   Level
 Searing Ray              Conj           98%        3d7       1%          2
 Sandblast                Erth           38%        2d10      1%          1
 Poisonous Vapours        Pois/Air       38%        N/A       1%          2
 Mephitic Cloud           Conj/Pois/Air  29%        N/A       1%          3
 Stone Arrow              Conj/Erth      68%        3d11      1%          3
 Fulminant Prism          Conj/Hex       17%        3d11      2%          4
 Hailstorm                Conj/Ice       34%        3d9       2%          4
 Blink                    Tloc           N/A        N/A       3%          2
 Passwall                 Tmut/Erth      15%        N/A       3%          2
 Petrify                  Tmut/Erth      19%        N/A       22%         4
 Summon Forest            Summ/Tloc      9%         N/A       52%         5
 Freezing Cloud           Conj/Ice/Air   14%        6-21      41%         6


Dungeon Overview and Level Annotations

Branches:
Dungeon (1/1)

Altars:
Ashenzari
Cheibriados
Dithmenos
Elyvilon
Fedhas
Gozag
Hepliaklqana
Kikubaaqudgha
Makhleb
Nemelex Xobeh
Okawaru
Qazlal
Ru
Sif Muna
Trog
Uskayaw
Vehumet
Wu Jian
Xom
Yredelemnul
Zin
The Shining One
Beogh
Jiyva
Lugonu

Annotations:
D 1 transporter


Message History

The fireball engulfs the two-headed ogre!!
The two-headed ogre is severely wounded.
The fireball engulfs the ogre!!
You kill the ogre!
Vehumet accepts your kill.
Vehumet offers you knowledge of Searing Ray.
Vehumet is now aiding your destructive spells.
You feel your power returning.
The fireball engulfs the ogre!
You kill the ogre!
Vehumet accepts your kill.
You feel your power returning.
The fireball engulfs the two-headed ogre!!
The two-headed ogre is almost dead.
Your Dodging skill increases to level 7!
Your Spellcasting skill increases to level 10!
Your Conjurations skill increases to level 4!
Your Evocations skill increases to level 3!
Unknown command.
Casting: Fireball (dangerous; 1% risk of failure)
Confirm with . or Enter, or press ? or * to list all spells.
Aiming: Fireball (dangerous; 1% risk of failure)
Press: ? - help, Shift-Dir - straight line, f/p - two-headed ogre
Aim: a two-headed ogre, wielding a +0 giant club and a +0 giant spiked club (severely wounded)
The fireball explodes!
Unknown command.
Aiming: Thunderbolt
Press: ? - help, Shift-Dir - straight line, f/p - two-headed ogre
Aim: a two-headed ogre, wielding a +0 giant club and a +0 giant spiked club (severely wounded)
The thunderbolt hits the two-headed ogre!
You kill the two-headed ogre!
Vehumet accepts your kill.
You feel your power returning.
The thunderbolt hits the two-headed ogre!
The two-headed ogre is almost dead.
The two-headed ogre hits you with a +0 giant club!!
Ouch! That really hurt!
* * * LOW HITPOINT WARNING * * *
The two-headed ogre hits you with a +0 giant spiked club!!
Ouch! That really hurt!
You die...

▓..©..▓..©..▓▓▓▓▓▓▓
▓▓▓▓▓▓▓▓▓▓▓▓▓▓
▓..8©8...▓
▓..|))...▓
▓..))....▓
▓........▓
...)....▓
▓.▓.O..▓.▓
▓...@....▓
▓▓▓▓▓▓▓▓▓▓


You could see a two-headed ogre.

Vanquished Creatures
  A two-headed ogre (D)
  A tarantella (D)
  A black bear (D)
  A wolf (D)
  2 ogres (D)
  3 scorpions (D)
  A jelly (D)
  2 endoplasms (D)
12 creatures vanquished.

Notes
Turn   | Place    | Note
-------+----------+-------------------------------------------
     0 | D        | mhtbhm the Deep Elf Fire Elementalist began the quest for
                  | the Orb.
     0 | D        | Reached XP level 1. HP: 10/10 MP: 6/6
     0 | D        | Found a shimmering blue altar of Sif Muna.
     0 | D        | Found a bloodstained altar of Trog.
     0 | D        | Found a sacrificial altar of Ru.
     0 | D        | Found a stormy altar of Qazlal.
     0 | D        | Found an iron altar of Okawaru.
     1 | D        | Found a sparkling altar of Nemelex Xobeh.
     1 | D        | Found a blossoming altar of Fedhas.
     2 | D        | Found the +6 Majin-Bo {vamp, MP+6 Int+6}
     2 | D        | Found the +9 heavy crossbow "Sniper" {vorpal, Acc+∞ SInv}
     2 | D        | Found the +10 dark maul {vorpal}
     2 | D        | Found the +15 Maxwell's patent armour {-Cast -Tele rElec
                  | Will+ rCorr}
     2 | D        | Found the +18 shield of the Gong {rElec rN+ Will+ EV-5}
     2 | D        | Found the +14 obsidian axe {vorpal, Drain Fly SInv}
     2 | D        | Found the +7 great mace "Firestarter" {inner flame, rF++}
     2 | D        | Found the +6 shillelagh "Devastator" {shatter}
     2 | D        | Found the +11 plutonium sword {Contam Stlth-}
     2 | D        | Found the +8 lance "Wyrmbane" {slay drac, rPois rF+ rC+
                  | AC+3}
     2 | D        | Found the +9 sword of Zonguldrok {reap}
     2 | D        | Found the +13 scythe of Curses {drain, Drain}
     2 | D        | Found the +5 sword of Power {vorpal}
     2 | D        | Found the +7 mace of Variability {chain chaos}
     2 | D        | Found the +7 Singing Sword {vorpal, sonic wave}
     2 | D        | Found the +8 storm bow {elec, penet}
     3 | D        | Found a transporter.
     3 | D        | Found an ancient bone altar of Kikubaaqudgha.
     3 | D        | Found a viscous altar of Jiyva.
     3 | D        | Found a corrupted altar of Lugonu.
     3 | D        | Found a hazy altar of Hepliaklqana.
     3 | D        | Found a burning altar of Makhleb.
     3 | D        | Found an opulent altar of Gozag.
    35 | D        | Became a worshipper of Vehumet
    55 | D        | Entered arena 2.
    55 | D        | Noticed a black bear
    55 | D        | Noticed a wolf
    55 | D        | Found a transporter.
    61 | D        | Killed a wolf
    62 | D        | Reached skill level 5 in Spellcasting
    62 | D        | Reached skill level 7 in Fire Magic
    62 | D        | Reached XP level 2. HP: 11/15 MP: 6/10
    62 | D        | Reached XP level 3. HP: 14/19 MP: 7/12
    62 | D        | Reached XP level 4. HP: 18/24 MP: 7/13
    62 | D        | Killed a black bear
    63 | D        | Reached skill level 5 in Dodging
    63 | D        | Reached skill level 5 in Stealth
    63 | D        | Reached skill level 9 in Fire Magic
    63 | D        | Reached skill level 1 in Evocations
    63 | D        | Reached XP level 5. HP: 21/28 MP: 7/16
    67 | D        | Got the ring of Jodash {rCorr Stlth+}
    77 | D        | Learned a level 3 spell: Conjure Flame
    81 | D        | Learned a level 3 spell: Inner Flame
    86 | D        | Learned a level 4 spell: Sticky Flame
    92 | D        | Learned a level 5 spell: Fireball
   131 | D        | Entered arena 3.
   131 | D        | Found a transporter.
   132 | D        | Reached * piety under Vehumet
   132 | D        | Offered knowledge of Sandblast by Vehumet.
   140 | D        | Got the Disquisition on Damaging Orientation
   158 | D        | Entered arena 4.
   158 | D        | Noticed a tarantella
   158 | D        | Found a transporter.
   159 | D        | Reached ** piety under Vehumet
   160 | D        | Reached skill level 10 in Fire Magic
   160 | D        | Reached XP level 6. HP: 32/32 MP: 11/18
   161 | D        | Reached skill level 11 in Fire Magic
   163 | D        | Killed a tarantella
   164 | D        | Reached skill level 12 in Fire Magic
   164 | D        | Reached XP level 7. HP: 28/36 MP: 1/22
   235 | D        | Learned a level 5 spell: Lee's Rapid Deconstruction
   277 | D        | Entered arena 5.
   277 | D        | Noticed a two-headed ogre
   277 | D        | Noticed a two-headed ogre
   277 | D        | Found a transporter.
   279 | D        | Offered knowledge of Searing Ray by Vehumet.
   279 | D        | Reached *** piety under Vehumet
   280 | D        | Reached skill level 10 in Spellcasting
   281 | D        | Killed a two-headed ogre
   281 | D        | Demolished by a two-headed ogre

Illustrated notes

Levels and vault maps discovered:
D:        sprint_v [room_start, room_1, room_2, room_3, room_4, room_5, room_6,
          room_7, room_8, room_9, room_10, room_11, room_12, room_13, room_14,
          room_15, room_16, room_17, room_18, room_19, room_20, room_21,
          room_22, room_23, room_24, room_25, room_26, room_27]

Skill      XL: |  1  2  3  4  5  6  7 |
---------------+----------------------+-----
Dodging        | 4 5 6 7 |  7.0
Stealth        | 4 5 |  5.0
Spellcasting   | 5 7 9 10 | 10.3
Fire Magic     | 7 9 10 12 | 12.9
Evocations     | 1 2 3 |  3.0
Conjurations   | 2 3 4 |  4.1

Action                   |  1- 3 |  4- 6 |  7- 9 || total
-------------------------+-------+-------+-------++-------
 Cast: Fireball          |       |     3 |     3 ||     6
Evoke: Wand              |     2 |       |       ||     2
       Lightning rod     |       |     3 |     1 ||     4
  Use: Scroll            |     1 |       |       ||     1
Dodge: Dodged            |       |     1 |       ||     1

Table legend: (Time is in decaauts)
 A = Elapsed time spent in this place.
 B = Non-inter-level travel time spent in this place.
 C = Inter-level travel time spent in this place.
 D = Time resting spent in this place.
 E = Time spent auto-exploring this place.
 F = Levels seen in this place.
 G = Mean time per level.
                   A        B        C        D        E       F      G
               +--------+--------+--------+--------+--------+-----+--------+
         Total |    279 |    279 |      0 |    143 |      0 |   1 |  279.0 |
       Dungeon |    279 |    279 |      0 |    143 |      0 |   1 |  279.0 |
               +--------+--------+--------+--------+--------+-----+--------+

Top non-repeatable levels by time:
       D: 279 daAuts
